 Dungeon Crawl Stone Soup version 0.31-a0-229-g1fc7ce93e2 (webtiles) character file.

Game seed: 15431084050769198709

393 qw the Shooter (level 6, -15/52 HPs)
             Began as a Minotaur Hexslinger on July 6, 2023.
             Was an Initiate of Okawaru.
             Demolished by Pikel
             ... wielding a +0 whip of electrocution
              (20 damage)
             ... on level 4 of the Dungeon.
             The game lasted 00:01:22 (3210 turns).

qw the Shooter (Minotaur Hexslinger)                Turns: 3210, Time: 00:01:22

Health: -15/52     AC:  9    Str: 12    XL:     6   Next: 51%
Magic:  6/6        EV: 17    Int: 10    God:    Okawaru [......]
Gold:   216        SH:  0    Dex: 15    Spells: 6/7 levels left

rFire   . . .        Y - +0 shortbow
rCold   + . .        (shield currently unavailable)
rNeg    + . .        j - +2 leather armour {rC+}
rPois   .            (helmet restricted)
rElec   .            b - +0 cloak
rCorr   .            (no gloves)
SInv    .            g - +2 pair of boots
Will    .....        (no amulet)
Stlth   +            c - ring of positive energy
HPRegen 0.28/turn    m - +5 ring of evasion
MPRegen 0.10/turn

%: no passive effects
@: no status effects
A: horns 2, retaliatory headbutt
a: Renounce Religion


You were on level 4 of the Dungeon.
You worshipped Okawaru.
Okawaru was noncommittal.
You visited 2 branches of the dungeon, and saw 5 of its levels.

You collected 216 gold pieces.


Innate Abilities, Weirdness & Mutations

You have a pair of horns on your head.
You reflexively headbutt those who attack you in melee.


   Skills:
 - Level 4.1 Fighting
 + Level 6.6 Ranged Weapons
 - Level 1.1 Armour
 - Level 2.1 Dodging
 - Level 1.0 Spellcasting
 - Level 2.0 Hexes


You had 6 spell levels left.
You knew the following spells:

 Your Spells              Type           Power      Damage    Failure   Level
a - Slow                  Hex            16%        N/A       19%         1

Your spell library contained the following spells:

 Spells                   Type           Power      Damage    Failure   Level
 Inner Flame              Hex/Fire       2%         N/A       65%         3
 Portal Projectile        Hex/Tloc       4%         N/A       65%         3
 Cause Fear               Hex            2%         N/A       88%         4

Inventory:

Hand Weapons
 Y - a +0 shortbow (weapon)
Armour
 b - a +0 cloak (worn)
 g - a +2 pair of boots (worn)
 j - a +2 leather armour of cold resistance (worn)
Jewellery
 c - a ring of positive energy (left hand)
 m - a +5 ring of evasion (right hand)
Scrolls
 h - a scroll of identify
Potions
 a - a potion of mutation
 e - 2 potions of curing

Dungeon Overview and Level Annotations

Branches:
Dungeon (4/15)             Temple (1/1) D:4

Altars:
Ashenzari
Cheibriados
Elyvilon
Fedhas
Gozag
Hepliaklqana
Kikubaaqudgha
Makhleb
Okawaru
Ru
Sif Muna
Uskayaw
Vehumet
Wu Jian
Yredelemnul
Zin
The Shining One

Annotations:
D:4 Pikel


Message History

You shoot an arrow. The arrow hits the lemure.
The lemure is heavily wounded.
The lemure misses you.
Pikel hits you with a +0 whip of electrocution.
The lemure closely misses you.
You shoot an arrow. The arrow hits the lemure.
The lemure is severely wounded.
The lemure hits you! The lemure completely misses you.
Pikel closely misses you.
3204 ||| DRINKING potion of heal wounds.
You feel much better. The lemure closely misses you. Pikel barely misses you.
The lemure closely misses you.
You shoot an arrow. The arrow closely misses the lemure.
The lemure barely misses you.
Pikel zaps a wand.
The puff of flame misses you. The lemure barely misses you.
You shoot an arrow. The arrow hits the lemure.
The lemure is severely wounded.
The lemure misses you. You furiously retaliate!
You headbutt the lemure. Pikel closely misses you. You furiously retaliate!
You headbutt Pikel. The lemure misses you.
You shoot an arrow. The arrow hits the lemure.
The lemure is almost dead.
The lemure hits you. The lemure hits you but does no damage.
Pikel hits you with a +0 whip of electrocution.
Pikel closely misses you. The lemure closely misses you. The lemure hits you.
You shoot an arrow.
The arrow hits the lemure but does no damage.
The lemure is almost dead.
The lemure hits you. Pikel barely misses you. You furiously retaliate!
You headbutt Pikel! The lemure hits you.
You shoot an arrow. The arrow hits the lemure!
You kill the lemure!
That felt strangely unrewarding.
Pikel zaps a wand.
The puff of flame hits you but does no damage.
You shoot an arrow. The arrow closely misses Pikel.
The lemure closely misses you. You furiously retaliate!
You headbutt the lemure!
Pikel hits you with a +0 whip of electrocution.
You are electrocuted!!
You die...

###.##........#..### #..
#...###..######..# #.#
#######.......#..# #.#
#....##.###.#.#.## #.#
#.##.##.###.#...# #.#
#.##.##.........# #.#
#.##............# #.#
#######.##.....#?..>..# #.#
.....##)#....#.#@5###.# #.#
####.##.#..#.#.#5K# #.# #..
........#..#.#.#..# #.# #..
####.#######.#....###.# #..
#........##..........# #..
#..#.###.#####..#.#..#########..
#.#...............#..........#..
#......#.....................#..
..<...###.......####..........#..


You could see Pikel and 2 lemures.

Vanquished Creatures
  A centaur (D:3)
  A black bear (D:4)
  2 lemures (D:4)
  A hound (D:4)
  An orc priest (D:3)
  A sleepcap (D:4)
  7 adders
  A worm (D:2)
  2 dart slugs
  3 orcs (D:3)
  A ball python (D:4)
  10 endoplasms
  4 giant cockroaches
  7 goblins
  7 hobgoblins
  14 kobolds
  5 bats
  A frilled lizard (D:1)
  6 rats
75 creatures vanquished.

Notes
Turn   | Place    | Note
-------+----------+-------------------------------------------
     0 | D:1      | qw the Minotaur Hexslinger began the quest for the Orb.
     0 | D:1      | Reached XP level 1. HP: 16/16 MP: 1/1
     0 | D:1      | 0 ||| qw: Version: 0.3-a-46-gb1f654a
     0 | D:1      | 0 ||| qw: Game counter: 1213
     0 | D:1      | 0 ||| qw: Melee chars always use a shield: true
     0 | D:1      | 0 ||| qw: God list: Okawaru
     0 | D:1      | 0 ||| qw: Allow faded altars: false
     0 | D:1      | 0 ||| qw: Do Orc after clearing Dungeon:15 true
     0 | D:1      | 0 ||| qw: Do second Lair branch before Depths: true
     0 | D:1      | 0 ||| qw: Lair rune preference: random
     0 | D:1      | 0 ||| qw: Goals: Normal
     0 | D:1      | 0 ||| PLANNING D:1-11
   282 | D:1      | Reached skill level 3 in Ranged Weapons
   282 | D:1      | Reached XP level 2. HP: 23/23 MP: 2/2
   466 | D:1      | 466 ||| FLEEEEING.
   516 | D:1      | Reached XP level 3. HP: 29/29 MP: 3/3
   520 | D:1      | 520 ||| FLEEEEING.
   521 | D:1      | 521 ||| FLEEEEING.
   602 | D:1      | 602 ||| UPGRADING to +0 pair of boots.
   607 | D:1      | 607 ||| READING scroll labelled XIFREU ORONUKH.
   608 | D:1      | 608 ||| READING 3 scrolls labelled ARHUTWOYTU.
   609 | D:1      | 609 ||| READING scroll labelled ZEVOTOCSEW.
   610 | D:1      | 610 ||| DRINKING 2 brown potions.
   618 | D:1      | 618 ||| READING 2 scrolls of identify.
   618 | D:1      | 618 ||| IDENTIFYING green potion
   619 | D:1      | 619 ||| DROPPING scroll of poison.
   620 | D:1      | 620 ||| DROPPING potion of ambrosia.
   674 | D:2      | HP: 7/29 [poisoned by an adder]
   676 | D:2      | Reached skill level 4 in Ranged Weapons
  1186 | D:2      | Reached XP level 4. HP: 28/36 MP: 4/4
  1224 | D:2      | You fall into a shaft and drop 1 floor!
  1241 | D:3      | 1241 ||| UPGRADING to +0 ring mail.
  1251 | D:3      | 1251 ||| UPGRADING to +0 cloak.
  1256 | D:3      | 1256 ||| DROPPING +0 robe.
  1257 | D:3      | 1257 ||| READING scroll labelled RARETZ HADIXUP.
  1258 | D:3      | 1258 ||| READING scroll labelled XAYXKO PAFAEM.
  1262 | D:3      | 1262 ||| READING scroll labelled VACWEDAOMO.
  1263 | D:3      | 1263 ||| DRINKING 2 metallic blue potions.
  1367 | D:3      | 1367 ||| DROPPING potion of berserk rage.
  1424 | D:2      | Reached skill level 1 in Armour
  1462 | D:2      | 1462 ||| READING scroll of enchant armour.
  1462 | D:2      | 1462 ||| ENCHANTING +0 pair of boots.
  1684 | D:2      | 1684 ||| UPGRADING to ring of positive energy.
  1749 | D:3      | 1749 ||| READING scroll of enchant armour.
  1749 | D:3      | 1749 ||| ENCHANTING +1 pair of boots.
  1755 | D:3      | Noticed a centaur
  1765 | D:3      | Killed a centaur
  1766 | D:3      | Reached skill level 5 in Ranged Weapons
  1766 | D:3      | Reached XP level 5. HP: 18/41 MP: 5/5
  1862 | D:3      | 1862 ||| SWAPPING to +0 shortbow.
  1863 | D:3      | 1863 ||| DROPPING +2 sling.
  1922 | D:3      | Found the +7 staff of the Meek {protect, meekguard}
  2009 | D:3      | Reached skill level 3 in Fighting
  2083 | D:3      | Reached skill level 6 in Ranged Weapons
  2244 | D:3      | Found a shimmering blue altar of Sif Muna.
  2255 | D:3      | Found a basalt altar of Yredelemnul.
  2258 | D:3      | 2258 ||| UPGRADING to +2 leather armour of cold resistance.
  2268 | D:3      | 2268 ||| DROPPING +0 ring mail.
  2269 | D:3      | 2269 ||| UPGRADING to +5 ring of evasion.
  2270 | D:3      | 2270 ||| READING scroll labelled ABO LUC ASTI.
  2271 | D:3      | 2271 ||| READING scroll labelled UFOACK XYOKU.
  2298 | D:4      | 2298 ||| PLANNING SEWER
  2384 | D:4      | Reached XP level 6. HP: 50/52 MP: 6/6
  2660 | D:4      | Found a staircase to the Ecumenical Temple.
  2787 | D:4      | Found a radiant altar of Vehumet.
  2796 | D:4      | Noticed Pikel
  2807 | D:4      | HP: 11/52 [Pikel/puff of flame (10)]
  2808 | D:4      | 2808 ||| READING scroll of teleportation.
  2810 | D:4      | HP: 5/52 [Pikel/+0 whip of electrocution (5)]
  2934 | D:4      | 2934 ||| RIP SEWER
  2979 | D:4      | 2979 ||| PLANNING TEMPLE
  2979 | D:4      | 2979 ||| DRINKING 2 murky purple potions.
  2980 | D:4      | 2980 ||| READING 3 scrolls of identify.
  2980 | D:4      | 2980 ||| IDENTIFYING fuming grey potion
  2981 | D:4      | 2981 ||| READING 2 scrolls of identify.
  2981 | D:4      | 2981 ||| IDENTIFYING red potion
  2982 | D:4      | 2982 ||| DROPPING potion of magic.
  3028 | Temple   | Entered the Ecumenical Temple
  3044 | Temple   | 3044 ||| PLANNING OKAWARU WORSHIP
  3127 | Temple   | Became a worshipper of Warmaster Okawaru
  3128 | Temple   | 3128 ||| PLANNING D:1-11
  3203 | D:4      | HP: 9/52 [lemure[Pikel] (8)]
  3204 | D:4      | 3204 ||| DRINKING potion of heal wounds.
  3208 | D:4      | HP: 11/52 [lemure[Pikel] (2)]
  3210 | D:4      | HP: 5/52 [Pikel/+0 whip of electrocution (2)]
  3210 | D:4      | Demolished by Pikel

Levels and vault maps discovered:
D:1:      lightli_arrival_statuegarden, layout_basic, serial_bayou_pond_b
D:2:      layout_loops_cross, minmay_surrounded
D:3:      layout_rooms, amethyst_overflow_temple_binary, st_stairs_12,
          pf_guarded_unrand_meek
D:4:      layout_basic, mainiacjoe_overflow_surrounded_room,
          minmay_temple_entry_junction, gup_sewer_entry_spiral, uniq_pikel
Temple:   jpeg_temple_clearing

Skill      XL: |  1  2  3  4  5  6 |
---------------+-------------------+-----
Ranged Weapons | 3 4 5 6 |  6.6
Fighting       | 2 3 4 |  4.1
Armour         | 1 |  1.1
Dodging        | |  2.1
Spellcasting   | |  1.0
Hexes          | |  2.0

Action                     |  1- 3 |  4- 6 || total
---------------------------+-------+-------++-------
   Fire: Sling             |   130 |    40 ||   170
         Shortbow          |       |   136 ||   136
    Use: Scroll            |     4 |    10 ||    14
         Potion            |     1 |     3 ||     4
 Armour: Robe              |    15 |       ||    15
         Ring mail         |       |    33 ||    33
         Leather armour    |       |    20 ||    20
  Dodge: Dodged            |    45 |    82 ||   127

Table legend:
 A = Non-vault XP
 B = Vault XP
 C = Vault XP percentage of total XP
 D = Non-vault monster count
 E = Vault monster count
 F = Vault count percentage of total count
                 A         B        C        D         E       F
            +---------+---------+-------+---------+---------+-------
      Total |     484 |      78 |  13.9 |      60 |      13 |  17.8
            +---------+---------+-------+---------+---------+-------
        D:1 |      36 |      13 |  26.5 |      22 |       6 |  21.4
        D:2 |      51 |      17 |  25.0 |       7 |       3 |  30.0
        D:3 |     165 |      48 |  22.5 |      14 |       4 |  22.2
        D:4 |     232 |       0 |   0.0 |      17 |       0 |   0.0
            +---------+---------+-------+---------+---------+-------
